Map: Neon Violet Square LE

Players

IIIIIIIIIIII - Winner!

  • Race: Terran Terran
  • League: Master
  • Spawn Location: 5:00

Sleeper

  • Race: Terran Terran
  • League: Master
  • Spawn Location: 11:00

VOD

Have the link to the VOD?

Description

Time

  • Played on: Nov. 18, 2017, 6:01 p.m.
  • Length: 9:19
Show
View Real Time Build Order
Export as new Build Order

IIIIIIIIIIII Terran - Winner!

Build Orders: Cyclone Opening, Mech 

Get SALT Encoding   

  12  0:00  SCV  
  13  0:13  SCV  
  14  0:18  Supply Depot  
  14  0:25  SCV  
  15  0:30  Refinery  
  15  0:40  SCV  
  16  0:47  Barracks  
  16  0:52  SCV  
  17  0:57  Refinery  
  17  1:04  SCV  
  18  1:16  SCV  
  19  1:28  SCV  
  20  1:42  Reaper  
  20  1:43  Factory  
  20  1:45  Orbital Command  
  21  1:58  Supply Depot  
  21  2:12  SCV  
  21  2:14  Reaper  
  22  2:24  SCV  
  22  2:28  Cyclone  
  26  2:31  Starport  
  26  2:36  SCV  
  27  2:39  Supply Depot  
  27  2:48  SCV  
  28  2:51  Barracks Tech Lab  
  28  3:00  SCV  
  28  3:01  Cyclone  
  32  3:06  Supply Depot  
  32  3:14  SCV  
  33  3:26  SCV  
  34  3:28  Raven  
  36  3:38  SCV  
  36  3:47  Barracks Reactor, Factory Tech Lab  
  35  3:50  SCV  
  35  3:55  Command Center  
  36  4:02  SCV  
  37  4:13  Command Center  
  37  4:14  SCV  
  38  4:18  Siege Tank  
  42  4:31  SCV  
  42  4:32  Engineering Bay  
  42  4:40  Viking  
  42  4:42  Viking  
  46  4:46  SCV  
  47  5:02  Supply Depot  
  47  5:06  SCV  
  48  5:07  Refinery  
  48  5:12  Refinery  
  48  5:28  Factory  
  48  5:29  Factory  
  48  5:32  Orbital Command  
  48  5:34  SCV  
  49  5:40  Orbital Command  
  49  5:46  SCV  
  50  5:51  Siege Tank  
  50  5:56  Starport Reactor  
  53  5:58  SCV x2  
  55  6:07  SCV  
  55  6:10  SCV x2  
  58  6:12  Infernal Pre-Igniter  
  58  6:15  Hellion  
  58  6:17  Hellion x2  
  64  6:19  SCV  
  64  6:22  SCV  
  64  6:24  SCV  
  67  6:31  SCV  
  68  6:34  SCV  
  68  6:38  Hellion x2  
  74  6:41  Orbital Command  
  74  6:45  Supply Depot  
  73  6:47  Armory  
  73  6:48  Armory  
  73  6:50  SCV x2, Hellion x2  
  79  6:55  Viking  
  79  6:58  Viking  
  83  7:02  SCV x2  
  85  7:17  SCV  
  86  7:24  Siege Tank x2  
  86  7:29  Supply Depot  
  92  7:30  Supply Depot  
  92  7:36  SCV  
  93  7:50  SCV x2  
  93  7:51  Hellion x2  
  99  7:53  Supply Depot  
  99  7:54  Supply Depot  
  99  7:58  Supply Depot x2, Factory, SCV  
  100  8:00  Factory  
  100  8:03  SCV  
  100  8:04  Siege Tank  
  104  8:07  Siege Tank  
  104  8:11  SCV x2  
  109  8:13  Refinery  
  109  8:15  SCV  
  109  8:19  Refinery  
  110  8:23  SCV x2  
  112  8:27  SCV  
  106  8:35  SCV  
  106  8:39  Siege Tank x2  
  106  8:40  Hellion x2  
  111  9:00  Factory Reactor  
  111  9:01  Factory Tech Lab  
  111  9:11  Command Center  
Show
View Real Time Build Order
Export as new Build Order

Sleeper Terran 

Build Orders: Reaper Expand, MMM Bio 

Get SALT Encoding   

  12  0:00  SCV  
  13  0:13  SCV  
  14  0:18  Supply Depot  
  14  0:25  SCV  
  15  0:40  SCV  
  16  0:44  Barracks  
  16  0:47  Refinery  
  16  0:52  SCV  
  17  1:04  SCV  
  18  1:16  SCV  
  19  1:32  Reaper  
  21  1:34  Orbital Command  
  20  1:48  Command Center  
  20  2:00  SCV  
  21  2:07  Marine  
  22  2:10  Factory  
  22  2:14  SCV  
  23  2:16  Supply Depot  
  23  2:23  Refinery  
  23  2:25  Barracks Reactor  
  23  2:38  Bunker, SCV  
  24  2:50  SCV  
  25  2:58  Starport  
  25  3:02  Marine, Barracks, SCV  
  25  3:04  Marine  
  28  3:08  Factory Tech Lab  
  28  3:18  Orbital Command  
  28  3:22  SCV  
  28  3:23  Marine  
  28  3:26  Marine  
  31  3:39  SCV  
  32  3:41  Marine  
  32  3:44  Marine  
  33  3:50  SCV  
  33  3:51  SCV  
  33  3:58  Raven  
  33  4:02  SCV  
  35  4:04  Bunker, Marine  
  35  4:08  SCV  
  37  4:12  Marine  
  37  4:16  Marine  
  35  4:20  Cyclone  
  35  4:21  SCV  
  36  4:25  SCV  
  36  4:28  Marine  
  38  4:33  Marine, SCV  
  38  4:35  Barracks Tech Lab  
  38  4:37  SCV  
  41  4:42  Supply Depot  
  41  4:45  SCV  
  42  4:49  SCV  
  45  4:57  SCV  
  45  4:59  Stimpack  
  44  5:00  Marine x2  
  44  5:03  Marine  
  44  5:04  Supply Depot, SCV  
  44  5:05  Supply Depot  
  48  5:09  SCV  
  49  5:14  Siege Tank  
  49  5:15  Starport Reactor  
  49  5:16  SCV  
  49  5:17  Marine  
  49  5:20  Refinery  
  54  5:25  Marine  
  54  5:26  Engineering Bay  
  55  5:28  Supply Depot  
  55  5:29  SCV x2  
  55  5:31  Marine  
  58  5:40  Marine  
  58  5:41  SCV x2  
  61  5:51  Supply Depot, Marine x2  
  61  5:53  SCV x2  
  61  5:54  Terran Infantry Weapons Level 1  
  61  5:55  Medivac  
  61  5:56  Medivac  
  69  6:01  Supply Depot  
  69  6:05  Marine, SCV  
  69  6:06  SCV  
  69  6:08  Marine  
  73  6:11  Siege Tank  
  73  6:15  Supply Depot  
  73  6:16  Marine  
  73  6:17  SCV  
  78  6:19  SCV  
  78  6:25  Marine  
  80  6:33  SCV  
  80  6:38  Armory  
  81  6:40  Engineering Bay  
  81  6:41  Command Center  
  81  6:42  Marine  
  81  6:45  Marine  
  81  6:46  Marine  
  84  6:50  Refinery  
  84  6:51  SCV  
  85  6:56  Supply Depot  
  85  7:00  Combat Shields, Marine  
  78  7:15  Marine x2  
  74  7:16  Siege Tank  
  74  7:17  Marine  
  74  7:21  SCV, Medivac  
  70  7:24  SCV  
  70  7:29  Barracks  
  71  7:30  Barracks  
  71  7:31  Barracks  
  71  7:33  Marine  
  71  7:34  SCV  
  71  7:36  Marine  
  74  7:38  Marauder  
  74  7:41  SCV  
  77  7:44  Medivac  
  77  7:47  SCV  
  77  7:51  Marine, Medivac  
  82  7:52  Supply Depot, Orbital Command  
  82  7:53  SCV  
  82  7:54  Marine  
  85  7:59  SCV  
  85  8:00  Marine  
  85  8:05  SCV, Refinery  
  88  8:09  Marine  
  88  8:11  SCV  
  88  8:12  Marine  
  91  8:14  Medivac, Refinery  
  91  8:17  SCV  
  91  8:19  Marauder  
  96  8:23  Barracks Reactor x2, SCV, Barracks Tech Lab  
  96  8:27  Marine  
  84  8:35  Marine  
  84  8:37  Siege Tank  
  84  8:40  Marauder  
  78  8:42  Marine  
  78  8:45  Marine  
  68  8:53  Marine  
Tags
 
Add a new tag
Caveats
  • Supply blocks, unpowered buildings, or Contaminate may cause inaccurate times.
  • Supply counts are checked every 10 seconds.